 Dungeon Crawl Stone Soup version 0.21.1-1-g345015f (webtiles) character file.

67 Mirai the Skirmisher (level 4, -6/35 HPs)
             Began as a Demonspawn Fighter on Mar 14, 2018.
             Mangled by a worm (9 damage)
             ... on level 2 of the Dungeon.
             The game lasted 00:02:23 (1095 turns).

Mirai the Skirmisher (Demonspawn Fighter)           Turns: 1095, Time: 00:02:24

Health: -6/35      AC:  6    Str: 17    XL:     4   Next: 0%
Magic:  4/4        EV:  8    Int: 10    God:
Gold:   18         SH:  8    Dex: 12    Spells: 3/3 levels left

rFire    . . .     SeeInvis .   a - +0 war axe
rCold    . . .     Gourm    .   c - +0 shield
rNeg     . . .     Faith    .   b - +0 scale mail
rPois    .         Spirit   .   (helmet restricted)
rElec    .         Reflect  .   (no cloak)
rCorr    .         Harm     .   (no gloves)
MR       .....                  (no boots)
Stlth    ..........             (no amulet)
HPRegen  0.11/turn              (no ring)
MPRegen  0.09/turn              (no ring)

@: no status effects
A: horns 2, sturdy frame 1
a: no special abilities


You were on level 2 of the Dungeon.
You were not hungry.

You visited 1 branch of the dungeon, and saw 2 of its levels.

You collected 18 gold pieces.

Inventory:

Hand Weapons
 a - a +0 war axe (weapon)
 h - a +1 mace of holy wrath
Armour
 b - a +0 scale mail (worn)
 c - a +0 shield (worn)
 i - a +0 robe of positive energy
Scrolls
 j - 2 scrolls of identify {unknown}
 k - a scroll of fear {unknown}
 m - a scroll of remove curse {unknown}
 o - a scroll of immolation {unknown}
 p - a scroll of fog {unknown}
Potions
 d - a potion of might
 e - a potion of curing {unknown}
 l - a potion of haste {unknown}
 n - a potion of lignification {unknown}
 q - a potion of mutation {unknown}
Comestibles
 f - 4 rations
 g - 5 chunks of flesh


   Skills:
 + Level 3.4 Fighting
 + Level 2.6 Axes
 + Level 3.1 Armour
 * Level 1.4 Dodging
 - Level 2.6 Shields


You had 3 spell levels left.
You didn't know any spells.

Dungeon Overview and Level Annotations

Branches:
Dungeon (2/15)

Altars:


Innate Abilities, Weirdness & Mutations

You have a pair of horns on your head.
Your movements are slightly less encumbered by armour. (ER -2)


Message History

Found 7 gold pieces.
Found a scroll labeled BIXZES EHAORA.
p - a scroll labeled MUIL POZEE
q - a glowing grey potion You see here 15 poisoned needles.
A worm comes into view.
A worm comes into view.
The worm barely misses you.
You see here 7 gold pieces.
The worm barely misses you.
You barely miss the worm. You hit the worm.
The worm bites you but does no damage. The worm barely misses you.
You barely miss the worm. You headbutt the worm.
The worm is lightly wounded.
You hit the worm. The worm bites you. The worm bites you!
* * * LOW HITPOINT WARNING * * *
You hit the worm. You headbutt the worm.
The worm is moderately wounded.
You hit the worm. You block the worm's attack. The worm bites you!
You die...

######..# ........#
.#####..# #########
## #.># ###.......#
##.. .....?...#
###..######.......#
##.....##..........#
##..............w...#
#..............$@w..#
#...................#
#..........(.....####
#................#
#.........(......#
#.(..............#
#..................
#.#.....##.....#.#.#
..##.###########.#..


You could see 2 worms.

Vanquished Creatures
  2 adders (D:2)
  A worm (D:2)
  4 dart slugs
  A leopard gecko (D:2)
  A bat zombie (D:1)
  A giant cockroach (D:2)
  6 goblins (D:1)
  8 hobgoblins
  2 kobolds
  A ball python (D:1)
  7 bats
  A frilled lizard (D:1)
  A giant cockroach zombie (D:1)
  A rat (D:2)
37 creatures vanquished.

Notes
Turn   | Place    | Note
-------+----------+-------------------------------------------
     0 | D:1      | Mirai the Demonspawn Fighter began the quest for the Orb.
     0 | D:1      | Reached XP level 1. HP: 18/18 MP: 1/1
   130 | D:1      | Gained mutation: You have a pair of small horns on your head. [demonic ancestry]
   130 | D:1      | Reached XP level 2. HP: 24/24 MP: 2/2
   562 | D:1      | Reached skill level 1 in Dodging
   581 | D:1      | Gained mutation: You have a pair of horns on your head. [demonic ancestry]
   581 | D:1      | Reached XP level 3. HP: 26/29 MP: 3/3
  1064 | D:2      | Gained mutation: Your movements are slightly less encumbered by armour. (ER -2) [demonic ancestry]
  1064 | D:2      | Reached XP level 4. HP: 12/35 MP: 4/4
  1095 | D:2      | Mangled by a worm

Skill      XL: |  1  2 |
---------------+-------+-----
Axes           | 2 |  2.6
Armour         | 3 |  3.1
Dodging        | 1 |  1.4
Fighting       | |  3.4
Shields        | |  2.6

Action                   |  1- 3 |  4- 6 || total
-------------------------+-------+-------++-------
Melee: War axe           |   117 |     3 ||   120
       Headbutt          |    14 |     2 ||    16
  Eat: Chunk             |     1 |       ||     1
Armor: Scale mail        |    71 |     1 ||    72
       Robe              |     2 |       ||     2
Dodge: Dodged            |    53 |     3 ||    56
Block: Shield            |    72 |     1 ||    73
